 Dungeon Crawl Stone Soup version 0.22-a0-825-ga28c36f (webtiles) character file.

128 Kuinu the Firebug (level 4, -3/33 HPs)
             Began as a Draconian Fire Elementalist on July 24, 2018.
             Slain by a scorpion (6 damage)
             ... on level 4 of the Dungeon.
             The game lasted 00:13:06 (5012 turns).

Kuinu the Firebug (Draconian Fire Elementalist)     Turns: 5012, Time: 00:13:06

Health: -3/33      AC:  6    Str: 11    XL:     4   Next: 86%
Magic:  1/8        EV: 12    Int: 16    God:
Gold:   73         SH:  0    Dex: 11    Spells: 3/9 levels left

rFire    . . .     SeeInvis .   s - +0 dagger (curse)
rCold    . . .     Gourm    .   (no shield)
rNeg     . . .     Faith    .   (armour unavailable)
rPois    .         Spirit   .   (helmet restricted)
rElec    .         Reflect  .   (no cloak)
rCorr    .         Harm     .   j - +0 pair of gloves
MR       .....                  (no boots)
Stlth    ++++......             (no amulet)
HPRegen  0.11/turn              r - ring of stealth
MPRegen  0.11/turn              o - ring of stealth

@: lethally poisoned (-3 -> -21), about to teleport
A: unfitting armour, cold-blooded, AC +5
a: no special abilities


You were on level 4 of the Dungeon.
You were not hungry.

You visited 1 branch of the dungeon, and saw 4 of its levels.

You collected 73 gold pieces.

Inventory:

Hand Weapons
 i - a +0 club
 k - a +0 dagger
 p - a +2 dagger of distortion
 s - a cursed +0 dagger (weapon)
Armour
 j - a +0 pair of gloves (worn)
Jewellery
 f - an uncursed ring of positive energy
 o - a ring of stealth (right hand)
 r - a ring of stealth (left hand)
 u - an uncursed ring of ice
Scrolls
 c - a scroll of remove curse
 d - 4 scrolls of identify {unknown}
 m - a scroll of amnesia {unknown}
 q - a scroll of fear {unknown}
 w - a scroll of random uselessness {unknown}
Potions
 a - a potion of cancellation {unknown}
 g - 2 potions of magic {unknown}
 h - a potion of heal wounds {unknown}
 l - a potion of lignification {unknown}
 n - 2 potions of degeneration {unknown}
 t - a potion of might {unknown}
 v - 2 potions of flight {unknown}
Comestibles
 b - 2 rations


   Skills:
 - Level 1.7 Dodging
 + Level 2.3 Stealth
 * Level 3.0 Spellcasting
 * Level 2.5 Conjurations
 * Level 4.0 Fire Magic


You had 3 spell levels left.
You knew the following spells:

 Your Spells              Type           Power        Failure   Level  Hunger
a - Flame Tongue          Conj/Fire      ##...        4%          1    #......
b - Throw Flame           Conj/Fire      ##....       8%          2    ##.....
c - Conjure Flame         Conj/Fire      ##......     14%         3    ###....

Your spell library contained the following spells:

 Spells                   Type           Power        Failure   Level  Hunger
 Fireball                 Conj/Fire      ##........   80%         5    ######.
 Sticky Flame             Conj/Fire      ##......     43%         4    #####..
 Inner Flame              Hex/Fire       #.......     24%         3    ###....


Dungeon Overview and Level Annotations

Branches:
Dungeon (4/15)
 Temple: D:4-7

Altars:
Dithmenos
Sif Muna
Trog
Uskayaw
Wu Jian
Xom


Innate Abilities, Weirdness & Mutations

Your plain brown scales are hard. (AC +5)
You cannot fit into any form of body armour.
You are cold-blooded and may be slowed by cold attacks.


Message History

Aiming: Flame Tongue (safe; 4% risk of failure)
Press: ? - help, Shift-Dir - straight line, f/p - scorpion
Aim: a scorpion (heavily wounded)
The flame tongue misses the scorpion.
* * * LOW HITPOINT WARNING * * *
You feel sick. The scorpion barely misses you.
As you read the scroll of teleportation, it crumbles to dust.
You feel strangely unstable.
* * * LOW HITPOINT WARNING * * *
You feel sick. The scorpion barely misses you.
Casting: Flame Tongue (safe; 4% risk of failure)
Confirm with . or Enter, or press ? or * to list all spells.
Aiming: Flame Tongue (safe; 4% risk of failure)
Press: ? - help, Shift-Dir - straight line, f/p - scorpion
Aim: a scorpion (heavily wounded)
The flame tongue hits the scorpion.
The scorpion appears unharmed.
The scorpion is heavily wounded.
* * * LOW HITPOINT WARNING * * *
You feel sick. The scorpion stings you.
You die...

#..### ....... #....
....... ##.## ..<....
#..# ....... ####..##
....... #######.......
.......####.............
........................
......s@................
###..###########....#...
# ###..#### #..# #..#
#.##


You could see a scorpion.

Vanquished Creatures
  A centaur skeleton (D:4)
  3 adders
  4 worms
  A dart slug (D:1)
  A leopard gecko (D:1)
  5 orcs (D:3)
  5 goblins
  8 hobgoblins
  4 jackals (D:2)
  4 quokkas
  2 bats (D:3)
  3 frilled lizards
  6 kobolds
  A quokka zombie (D:3)
  3 rats (D:3)
51 creatures vanquished.

Notes
Turn   | Place    | Note
-------+----------+-------------------------------------------
     0 | D:1      | Kuinu the Draconian Fire Elementalist began the quest for the Orb.
     0 | D:1      | Reached XP level 1. HP: 14/14 MP: 3/3
   965 | D:1      | Reached XP level 2. HP: 20/20 MP: 3/5
  1067 | D:1      | Learned a level 2 spell: Throw Flame
  1290 | D:2      | Found an ornate altar of the Wu Jian Council.
  1290 | D:2      | Found a shimmering altar of Xom.
  1290 | D:2      | Found a bloodstained altar of Trog.
  1290 | D:2      | Found a hide-covered altar of Uskayaw.
  1301 | D:2      | Found a shadowy altar of Dithmenos.
  2496 | D:2      | Reached XP level 3. HP: 26/26 MP: 2/6
  2761 | D:2      | Learned a level 3 spell: Conjure Flame
  3731 | D:2      | Found a deep blue altar of Sif Muna.
  3985 | D:3      | Reached XP level 4. HP: 33/33 MP: 5/8
  4849 | D:4      | Reached skill level 4 in Fire Magic
  5012 | D:4      | Slain by a scorpion

Vault maps used:
D:1:      dpeg_arrival_water_altar
D:2:      grunt_temple_overflow_open, lemuel_blue_sif_altar

Skill      XL: |  1  2  3  4 |
---------------+-------------+-----
Stealth        | 2 |  2.3
Conjurations   | 2 |  2.5
Spellcasting   | 3 |  3.0
Fire Magic     | 4 |  4.0
Dodging        | |  1.7

Action                   |  1- 3 |  4- 6 || total
-------------------------+-------+-------++-------
Melee: Unarmed           |     1 |       ||     1
       Dagger            |    86 |    11 ||    97
       Tailslap          |    10 |       ||    10
 Cast: Flame Tongue      |    50 |    25 ||    75
       Throw Flame       |    16 |    11 ||    27
  Use: Scroll            |     2 |     2 ||     4
  Eat: Chunk             |    11 |     2 ||    13
       Ration            |       |     1 ||     1
Armor: Skin              |    17 |     5 ||    22
Dodge: Dodged            |    53 |    11 ||    64

Table legend:
 A = Spawn XP
 B = Non-spawn XP
 C = Spawn XP percentage of total XP
 D = Spawn monster count
 E = Non-spawn monster count
 F = Spawn count percentage of total count
 G = Total turns spent on level
                    A         B        C        D         E        F      G
               +---------+---------+-------+---------+---------+-------+---------
         Total |       0 |     183 |   0.0 |       0 |      51 |   0.0 |  5012
               +---------+---------+-------+---------+---------+-------+---------
           D:1 |       0 |      13 |   0.0 |       0 |       6 |   0.0 |  1290
           D:2 |       0 |      75 |   0.0 |       0 |      25 |   0.0 |  2609
           D:3 |       0 |      51 |   0.0 |       0 |      19 |   0.0 |   929
           D:4 |       0 |      44 |   0.0 |       0 |       1 |   0.0 |   184
               +---------+---------+-------+---------+---------+-------+---------
